 Seeded DCSS version 0.30.1-9-gdf580d7c3d (webtiles) character file.

Game seed: 15734390716694237801 (custom seed)

25 Psyclone the Stinger (level 2, 15/15 HPs)
             Began as a Deep Elf Venom Mage on Sept 29, 2023.
             Quit the game on level 2 of the Dungeon.
             The game lasted 00:03:32 (1310 turns).

Psyclone the Stinger (Deep Elf Venom Mage)          Turns: 1310, Time: 00:03:32

Health: 15/15      AC:  2    Str:  5    XL:     2   Next: 82%
Magic:  8/8        EV: 12    Int: 19    God:
Gold:   2          SH:  0    Dex: 15    Spells: 1/7 levels left

rFire   . . .        h - +2 dagger (vamp)
rCold   . . .        (no shield)
rNeg    . . .        a - +0 robe
rPois   .            (no helmet)
rElec   .            (no cloak)
rCorr   .            (no gloves)
SInv    .            (no boots)
Will    .....        (no amulet)
Stlth   ++           (no ring)
HPRegen 0.22/turn    (no ring)
MPRegen 0.11/turn

%: no passive effects
@: no status effects
A: no striking features
a: no special abilities


You were on level 2 of the Dungeon.
You visited 1 branch of the dungeon, and saw 2 of its levels.

You collected 2 gold pieces.

Inventory:

Hand Weapons
 h - a +2 vampiric dagger (weapon)
Missiles
 k - a throwing net {!f}
Armour
 a - a +0 robe (worn)
Scrolls
 c - a scroll of poison {unknown}
 f - a scroll of enchant armour {unknown}
 g - 4 scrolls of identify {unknown}
 l - 2 scrolls of fear {unknown}
Potions
 b - a potion of magic
 d - a potion of berserk rage {unknown}
 e - 2 potions of mutation {unknown}
 i - 2 potions of curing {unknown}
 j - a potion of resistance {unknown}
 m - a potion of lignification {unknown}


   Skills:
 - Level 2.4 Dodging
 - Level 2.4 Stealth
 - Level 3.0 Spellcasting
 + Level 1.8 Conjurations
 - Level 1.1 Transmutations
 - Level 4.0 Poison Magic


You had one spell level left.
You knew the following spells:

 Your Spells              Type           Power      Damage    Failure   Level
a - Magic Dart            Conj           36%        1d4       7%          1
b - Searing Ray           Conj           18%        2d5       11%         2
f - Sting                 Tmut/Pois      48%        1d5       5%          1
v - Poisonous Vapours     Pois/Air       20%        N/A       10%         2

Your spell library contained the following spells:

 Spells                   Type           Power      Damage    Failure   Level
 Mephitic Cloud           Conj/Pois/Air  10%        N/A       21%         3
 Olgreb's Toxic Radiance  Pois           18%        N/A       28%         4
 Fulminant Prism          Conj/Hex       3%         3d5       71%         4


Dungeon Overview and Level Annotations

Branches:
Dungeon (2/15) Zot: 10690

Altars:

Shops:
D:1 *


Message History

Aiming: Magic Dart (safe; 8% risk of failure)
Press: ? - help, Shift-Dir - straight line, f - frilled lizard
Aim: a frilled lizard (severely wounded, 100% to hit)
The magic dart hits the frilled lizard.
You kill the frilled lizard!
You now have 0/8 mp.
HP restored.
Magic restored.
You see here a frilled lizard corpse.
Found a mace.
Health restored: 15; MP restored: 8
Found a stone staircase leading down.
Things that are here:
a +2 vampiric dagger; a goblin corpse You feel a sense of dread.
m - a +2 vampiric dagger (weapon)
You drop a +0 dagger.
Adjust (i)tems, (s)pells, or (a)bilities?
m - a +2 vampiric dagger (weapon)
Adjust to which letter? (? for menu, Esc to quit)
h - a +2 vampiric dagger (weapon)
You open the door.
A quokka comes into view.
Found three items.
Found a stone staircase leading up.
Found an escape hatch in the ceiling.
There is an open door here.
The helpless quokka fails to defend itself.
You puncture the quokka!
You kill the quokka!
m - a bubbling coppery potion
n - a scroll labelled VUPNATAATE You now have 2 gold pieces.
There is a stone staircase leading up here.
You climb upwards.
There is a stone staircase leading down here.
You climb downwards.
There is a stone staircase leading up here.
This is a scroll of acquirement!
Something appears at your feet!
Unknown command.
Are you sure you want to abandon this character and quit the game? (Confirm with "yes".)

##########
#........#
#.......<#
...###........#
.......@......#
..####........#
#........# #####
#........# #...#
#........# #<..#
######'#####...#
######.#...#...#
#..........#...###.
#..........†.......


There were no monsters in sight!

Vanquished Creatures
  A dart slug (D:1)
  A bat (D:1)
  2 giant cockroaches
  4 hobgoblins (D:1)
  3 quokkas
  3 frilled lizards
  3 goblins
  4 rats (D:1)
21 creatures vanquished.

Notes
Turn   | Place    | Note
-------+----------+-------------------------------------------
     0 | D:1      | Psyclone the Deep Elf Venom Mage began the quest for the
                  | Orb.
     0 | D:1      | Reached XP level 1. HP: 10/10 MP: 6/6
     1 | D:1      | Noticed an electric eel
   141 | D:1      | Learned a level 1 spell: Magic Dart
   219 | D:1      | Reached XP level 2. HP: 15/15 MP: 5/8
   222 | D:1      | Reached skill level 4 in Poison Magic
   315 | D:1      | Learned a level 2 spell: Poisonous Vapours
   318 | D:1      | Learned a level 2 spell: Searing Ray
   589 | D:1      | Found Peiluom's Assorted Antiques.
   616 | D:1      | Reached skill level 1 in Conjurations
   807 | D:1      | Found a faded altar of an unknown god.
  1309 | D:2      | Identified a scroll of acquirement
  1309 | D:2      | Acquired a staff of poison
  1310 | D:2      | Quit the game

Illustrated notes

Levels and vault maps discovered:
D:1:      arrival_aquarium_a, layout_basic, serial_shops, shop,
          shapermc_ecumenical_altar_mp_highgroup
D:2:      layout_basic, kennysheep_decorative_pillar, due_unseen_surprise

Skill      XL: |  1  2 |
---------------+-------+-----
Poison Magic   | 4 |  4.0
Conjurations   | 1 |  1.8
Dodging        | |  2.4
Stealth        | |  2.4
Spellcasting   | |  3.0
Transmutations | |  1.1

Action                     || total
---------------------------++-------
  Melee: Unarmed           ||     5
         Dagger            ||     7
   Cast: Sting             ||    13
         Magic Dart        ||    32
         Poisonous Vapours ||     1
    Use: Scroll            ||     1
   Stab: Sleeping          ||     1
 Armour: Robe              ||     6
  Dodge: Dodged            ||    13
